 Dungeon Crawl Stone Soup version 0.21.1-1-g345015f (webtiles) character file.

67 Fang the Skirmisher (level 4, -8/29 HPs)
             Began as a Gargoyle Berserker on June 11, 2018.
             Was a Believer of Trog.
             Mangled by Sigmund
             ... wielding a +0 scythe
              (9 damage)
             ... on level 2 of the Dungeon.
             The game lasted 00:01:13 (1288 turns).

Fang the Skirmisher (Gargoyle Berserker)            Turns: 1288, Time: 00:01:14

Health: -8/29      AC:  5    Str: 22    XL:     4   Next: 18%
Magic:  4/4        EV: 12    Int:  7    God:    Trog [**....]
Gold:   86         SH:  0    Dex:  9    Spells: 3/3 levels left

rFire    . . .     SeeInvis .   a - +0 hand axe
rCold    . . .     Gourm    .   (no shield)
rNeg     + . .     Faith    .   b - +0 animal skin
rPois    ∞         Spirit   .   (no helmet)
rElec    +         Reflect  .   (no cloak)
rCorr    .         Harm     .   (no gloves)
MR       .....                  (no boots)
Stlth    +.........             (no amulet)
HPRegen  0.09/turn              (no ring)
MPRegen  0.09/turn              (no ring)

@: berserk cooldown, slowed, very slow
A: negative energy resistance 1, electricity resistance, unbreathing,
petrification resistance, rot immunity, AC +3
a: Berserk, Trog's Hand, Burn Spellbooks, Renounce Religion


You were on level 2 of the Dungeon.
You worshipped Trog.
Trog was pleased with you.
You were very hungry.

You visited 1 branch of the dungeon, and saw 2 of its levels.

You collected 86 gold pieces.

Inventory:

Hand Weapons
 a - a +0 hand axe (weapon)
Armour
 b - a +0 animal skin (worn)
Jewellery
 i - an uncursed ring of flight {unknown}
 k - a +3 ring of dexterity {unknown}
 m - an uncursed ring of fire {unknown}
 p - an uncursed amulet of rage {unknown}
Scrolls
 d - a scroll of enchant armour {unknown}
 g - a scroll of magic mapping {unknown}
 h - 2 scrolls of immolation {unknown}
 l - a scroll of teleportation {unknown}
 n - a scroll of identify {unknown}
Potions
 e - a potion of haste {unknown}
 f - a potion of flight {unknown}
 j - a potion of lignification {unknown}
 o - a potion of resistance {unknown}
Comestibles
 c - a ration
 q - a chunk of flesh


   Skills:
 + Level 4.0 Fighting
 + Level 3.6 Axes
 + Level 2.5 Armour
 + Level 1.8 Dodging
 + Level 0.4 Stealth


You had 3 spell levels left.
You didn't know any spells.

Dungeon Overview and Level Annotations

Branches:
Dungeon (2/15)

Altars:

Annotations:
D:2 Sigmund


Innate Abilities, Weirdness & Mutations

You are resistant to torment.
Your stone body is resilient. (AC +3)
You are immune to poison.
You resist negative energy. (rN+)
You are resistant to electric shocks. (rElec)
You can survive without breathing.
You are immune to petrification.
You are immune to rotting.


Message History

You kill the goblin!
Trog accepts your kill.
You hit Sigmund.
Unknown command.
Unknown command.
You feel a strong urge to attack something.
You feel less confused.
Sigmund points at you and mumbles some strange words.
The magic dart hits you!
* * * LOW HITPOINT WARNING * * *
Sigmund misses you.
You feel your anger nearly subside.
You are no longer berserk.
You are exhausted.
You feel yourself slow down.
Things that are here:
a club; a kobold corpse You see here a leopard gecko corpse.
You butcher the leopard gecko corpse.
Sigmund hits you from afar with a scythe!
You die...

#.### ##.[..[..#.#..#
######.#########..###...##..
##................##
##...[..
##............>##### #.#####
#...............# #.#
#...............# #.#
#...............# ######>#
#.......÷....†..##........
#............@)@#.†.......
##.............#..†......
##.....#.....##.........
##############.........
#......... #.........
##........ ##.....#. ######


You could see Sigmund.

Vanquished Creatures
  3 adders (D:2)
  A dart slug (D:2)
  4 leopard geckos
  3 bats
  8 goblins
  3 hobgoblins (D:1)
  3 jackals (D:2)
  5 kobolds
  2 frilled lizards (D:2)
  3 rats (D:1)
35 creatures vanquished.

Notes
Turn   | Place    | Note
-------+----------+-------------------------------------------
     0 | D:1      | Fang the Gargoyle Berserker began the quest for the Orb.
     0 | D:1      | Reached XP level 1. HP: 14/14 MP: 1/1
   145 | D:1      | Reached XP level 2. HP: 9/19 MP: 2/2
  1052 | D:2      | Reached XP level 3. HP: 21/24 MP: 3/3
  1154 | D:2      | Reached skill level 4 in Fighting
  1263 | D:2      | Reached ** piety under Trog
  1264 | D:2      | Reached XP level 4. HP: 25/29 MP: 4/4
  1267 | D:2      | Noticed Sigmund
  1283 | D:2      | HP: 1/43 [Sigmund/magic dart (6)]
  1288 | D:2      | Mangled by Sigmund

Skill      XL: |  1  2  3 |
---------------+----------+-----
Axes           | 3 |  3.6
Fighting       | 4 |  4.0
Armour         | |  2.5
Dodging        | |  1.8
Stealth        | |  0.4

Action                   |  1- 3 |  4- 6 || total
-------------------------+-------+-------++-------
Melee: Hand axe          |    71 |    10 ||    81
Invok: Berserk           |       |     1 ||     1
  Eat: Chunk             |     1 |       ||     1
Armor: Animal skin       |    29 |     2 ||    31
Dodge: Dodged            |    47 |     7 ||    54
